 Dungeon Crawl Stone Soup version 0.17-a0-1564-g7b572aa (webtiles) character file.

4573 urechis the Grappler (level 10, -8/104 HPs)
             Began as a Troll Monk on July 21, 2015.
             Mangled by a spiny frog (16 damage)
             ... on level 2 of the Lair of Beasts.
             The game lasted 00:12:49 (7940 turns).

urechis the Grappler (Troll Monk)                   Turns: 7940, Time: 00:12:49

Health: -8/104     AC:  5    Str: 28    XL:     10   Next: 18%
Magic:  9/9        EV: 10    Int:  6    God:
Gold:   432        SH:  0    Dex: 12    Spells: 0 memorised, 9 levels left

rFire  + . .     SeeInvis .       - Unarmed
rCold  . . .     Clarity  .     E - +0 robe
rNeg   . . .     SustAt   .     (no shield)
rPois  .         Gourm    +     (helmet restricted)
rElec  .         Spirit   .     (no cloak)
rCorr  .         Warding  .     (gloves unavailable)
rMut   .         Stasis   .     (boots unavailable)
MR     .....                    d - amulet of regeneration
Stlth  ++........               L - +4 ring of strength
                                p - ring of protection from fire

@: about to teleport, not resistant to hostile enchantments, unstealthy
A: unfitting armour, claws 3, fast metabolism 3, gourmand, regeneration 2,
shaggy fur 1, tough skin 2
a: no special abilities


You were on level 2 of the Lair of Beasts.
You were full.

You visited 3 branches of the dungeon, and saw 11 of its levels.
You also visited: Ossuary.

You collected 432 gold pieces.

Inventory:

Hand weapons
 a - a +0 blowgun
Missiles
 t - a throwing net
 w - 53 poisoned needles
 S - 6 tomahawks (quivered)
Armour
 E - a +0 robe (worn)
Jewellery
 d - an amulet of regeneration (around neck)
 p - a ring of protection from fire (left claw)
 L - a +4 ring of strength (right claw)
Magical devices
 A - a wand of random effects (24)
 I - a wand of frost (14)
 K - a wand of polymorph (9)
 U - a wand of fire (6)
Scrolls
 e - 10 scrolls of identify
 k - 5 scrolls of teleportation
 l - a scroll of enchant armour
 m - 4 scrolls of magic mapping
 n - a scroll of fog {unknown}
 o - a scroll of blinking {unknown}
 u - 6 scrolls of remove curse
 x - a scroll of noise {unknown}
 y - 2 scrolls of enchant weapon {unknown}
 z - 2 scrolls of recharging {unknown}
 B - a scroll of fear {unknown}
 D - 2 scrolls of immolation {unknown}
 N - a scroll of amnesia {unknown}
 R - a scroll of vulnerability {unknown}
Potions
 c - a potion of resistance {unknown}
 f - a potion of brilliance {unknown}
 g - 2 potions of cure mutation {unknown}
 h - 2 potions of curing
 i - 4 potions of haste {unknown}
 j - 4 potions of ambrosia {unknown}
 r - 3 potions of agility {unknown}
 v - a potion of cancellation {unknown}
 C - a potion of magic {unknown}
 F - 2 potions of beneficial mutation {unknown}
 G - 3 potions of poison {unknown}
 H - 3 potions of berserk rage {unknown}
 J - a potion of might {unknown}
 V - a potion of lignification {unknown}
Books
 O - a book of Power

   Spells                             Type                      Level
   a - Fulminant Prism                Conjuration/Hexes            4
   b - Iskenderun's Mystic Blast      Conjuration                  4
   c - Venom Bolt                     Conjuration/Poison           5
   d - Bolt of Magma                  Conjuration/Fire/Earth       5
   e - Iron Shot                      Conjuration/Earth            6
   f - Orb of Destruction             Conjuration                  7
   g - Spellforged Servitor           Conjuration/Summoning        7
 P - a book of Necromancy

   Spells                             Type                      Level
   a - Pain                           Necromancy                   1
   b - Animate Skeleton               Necromancy                   1
   c - Vampiric Draining              Necromancy                   3
   d - Regeneration                   Charms/Necromancy            3
   e - Animate Dead                   Necromancy                   4
   f - Control Undead                 Necromancy                   4
 Q - a book of the Earth

   Spells                             Type                      Level
   a - Leda's Liquefaction            Hexes/Earth                  4
   b - Bolt of Magma                  Conjuration/Fire/Earth       5
   c - Statue Form                    Transmutation/Earth          6
   d - Iron Shot                      Conjuration/Earth            6
   e - Shatter                        Earth                        9
Comestibles
 b - 9 bread rations
 q - a beef jerky
 s - 4 meat rations
 M - 4 fruits


   Skills:
 + Level 7.7 Fighting
 - Level 2.4 Dodging
 - Level 1.1 Stealth
 * Level 12.4 Unarmed Combat


You had 9 spell levels left.
You didn't know any spells.

Dungeon Overview and Level Annotations

Branches:
Dungeon (8/15)             Temple (1/1) D:7            Lair (2/8) D:8

Altars:
Ashenzari
Dithmenos
Elyvilon
Fedhas
Gozag
Kikubaaqudgha
Nemelex Xobeh
Okawaru
Qazlal
Ru
Sif Muna
Trog
Xom
Yredelemnul
Zin

Shops:
D:5 (

Annotations:
Lair:1 exclusion: basilisk


Innate Abilities, Weirdness & Mutations

You are too large for most types of armour.
You have claws for hands.
Your metabolism is lightning-fast.
You like to eat raw meat.
You heal very quickly.
You are covered in fur (AC +1).
You have very tough skin (AC +2).


Message History

You kill the porcupine!
You scratch the spiny frog.
The spiny frog begins to bleed from its wounds!
The spiny frog is lightly wounded.
The spiny frog stings you.
* * * LOW HITPOINT WARNING * * *
You are poisoned.
The spiny frog poisons you!
Drink which item? (? for menu, Esc to quit)
You feel better. The spiny frog stings you!
* * * LOW HITPOINT WARNING * * *
You scratch the spiny frog but do no damage.
The spiny frog is lightly wounded.
The spiny frog stings you!!
* * * LOW HITPOINT WARNING * * *
Read which item? (? for menu, Esc to quit)
As you read the scroll of teleportation, it crumbles to dust.
You feel strangely unstable.
The spiny frog is no longer bleeding.
The spiny frog stings you!
You die...

...#.#+.#.# ###. .
#.#......##.........
#.#.............%. ...
........#.....#......
#.#..........#......
.##.........##..#..P..
.....8...8...#........
.......<.....#........
.....8...8..†#@.#
.##.........#F..#
#.#....##.#..##
....#...#....##
#.#.........### .
##......#.. .#....#...
.........# ..


You could see a spiny frog.

Vanquished Creatures
  Pikel (D:4)
  A blink frog (Lair:1)
  Sigmund (D:4)
  A hippogriff (Lair:1)
  Duvessa (D:4)
  3 sky beasts
  A wasp (D:8)
  An orc warrior (D:7)
  A porcupine (Lair:2)
  3 phantoms
  4 slaves (D:4)
  An ice beast (D:5)
  2 ogres (D:8)
  A crocodile (Lair:2)
  2 elf zombies (Ossuary)
  A big kobold (D:8)
  5 centaurs
  3 giant frogs
  Dowan (D:4)
  A scorpion (D:4)
  A centaur zombie (Ossuary)
  A crimson imp (D:6)
  4 hounds
  A giant frog zombie (D:8)
  7 orc priests
  A centaur skeleton (D:8)
  A jelly (D:5)
  4 iguanas
  7 orc wizards
  A quasit (D:7)
  A giant frog skeleton (D:5)
  Terence (D:3)
  5 worker ants
  2 big kobold zombies (Ossuary)
  A hound zombie (D:5)
  2 mummies (Ossuary)
  A worker ant zombie (D:8)
  8 river rats (Lair:1)
  3 gnolls (D:3)
  11 adders
  2 shadow imps
  3 oozes
  An adder skeleton (D:8)
  4 worms
  5 giant geckos
  28 orcs
  15 bats
  A bat skeleton (D:4)
  9 goblins
  18 hobgoblins
  10 jackals
  2 quokkas
  2 ball pythons (D:1)
  7 giant cockroaches
  A giant gecko skeleton (D:3)
  4 giant newts
  13 hobgoblin zombies (Ossuary)
  3 jackal zombies
  20 kobolds
  7 kobold zombies (Ossuary)
  7 orc zombies (Ossuary)
  11 rats
  3 rat zombies
274 creatures vanquished.

Notes
Turn   | Place    | Note
--------------------------------------------------------------
     0 | D:1      | urechis the Troll Monk began the quest for the Orb.
     0 | D:1      | Reached XP level 1. HP: 22/22 MP: 0/0
   156 | D:1      | Reached XP level 2. HP: 29/29 MP: 1/1
   872 | D:2      | Reached XP level 3. HP: 36/36 MP: 2/2
  1517 | D:2      | Reached skill level 5 in Unarmed Combat
  1610 | D:3      | Reached XP level 4. HP: 38/45 MP: 3/3
  1994 | D:3      | Noticed Terence
  2003 | D:3      | Killed Terence
  2003 | D:3      | Reached XP level 5. HP: 42/53 MP: 4/4
  2326 | D:4      | Found a sparkling altar of Nemelex Xobeh.
  2549 | D:4      | Reached skill level 6 in Unarmed Combat
  2563 | D:4      | Found a shattered altar of Ashenzari.
  2695 | D:4      | Noticed a phantom
  2716 | D:4      | Killed a phantom
  2716 | D:4      | Reached XP level 6. HP: 53/62 MP: 5/5
  2755 | D:4      | Noticed Sigmund
  2797 | D:4      | Killed Sigmund
  2797 | D:4      | Reached skill level 7 in Unarmed Combat
  2797 | D:4      | Reached XP level 7. HP: 30/71 MP: 6/6
  2859 | D:4      | Noticed Duvessa
  2860 | D:4      | Noticed Dowan
  2869 | D:4      | Killed Duvessa
  2882 | D:4      | Killed Dowan
  2945 | D:4      | Reached skill level 8 in Unarmed Combat
  2953 | D:4      | Noticed a slave
  2954 | D:4      | Noticed a slave
  2955 | D:4      | Noticed Pikel
  2956 | D:4      | Noticed a slave
  2960 | D:4      | Noticed a slave
  2965 | D:4      | Killed a slave
  2970 | D:4      | Killed Pikel
  2970 | D:4      | Reached skill level 5 in Fighting
  2970 | D:4      | Reached skill level 9 in Unarmed Combat
  2970 | D:4      | Reached XP level 8. HP: 48/81 MP: 7/7
  2973 | D:4      | Killed a freed slave
  2981 | D:4      | Killed a freed slave
  3090 | D:4      | Killed a freed slave
  3261 | D:5      | Entered Level 5 of the Dungeon
  3319 | D:5      | Found Qagekhuj's Weapon Boutique.
  3625 | D:5      | Found a sand-covered staircase.
  3643 | Ossuary  | Entered an ossuary
  3798 | Ossuary  | Reached skill level 10 in Unarmed Combat
  4250 | D:6      | Reached XP level 9. HP: 67/89 MP: 8/8
  5542 | D:7      | Found a staircase to the Ecumenical Temple.
  5587 | D:7      | Reached skill level 11 in Unarmed Combat
  5871 | D:7      | Found a glowing silver altar of Zin.
  6523 | Temple   | Entered the Ecumenical Temple
  6910 | D:8      | Paralysed by a wasp for 1 turns
  6920 | D:8      | Reached skill level 12 in Unarmed Combat
  7041 | D:8      | Found a staircase to the Lair.
  7391 | D:8      | Reached XP level 10. HP: 96/102 MP: 9/9
  7799 | Lair:1   | Entered Level 1 of the Lair of Beasts
  7940 | Lair:2   | Mangled by a spiny frog

Vault maps used:
D:1:      saegor_arrival_simple_f, serial_corexii_hall, corexii_hall_statues_x,
          corexii_hall_statues_u, st_stairs_8
D:2:      first_bread
D:3:      serial_park_tiny_1, uniq_terence
D:4:      lemuel_crystal_altar, kennysheep_mini, grunt_decor_mini_mirrors,
          uniq_duvessa, uniq_sigmund, uniq_pikel
D:5:      serial_shops, nicolae_shop_competitors_out_of_business,
          enter_ossuary_3, minmay_misc_feat_secret_circle
D:7:      nicolae_overflow_hidden_temple, minmay_temple_entry_glass
D:8:      lair_0_dummy
Temple:   dpeg_five_rooms_temple_12
Lair:1:   portal_ice_cave_entry_pillars_02, grunt_megastairs_3, uniq_sonja
Lair:2:   grunt_megastairs_2
Ossuary:  ossuary_tomb_1

Action                   |  1- 3 |  4- 6 |  7- 9 | 10-12 || total
-------------------------+-------+-------+-------+-------++-------
Melee: Unarmed           |   112 |   152 |   413 |    44 ||   721
  Use: Scroll            |     5 |       |       |     1 ||     6
       Potion            |       |     1 |     1 |     1 ||     3
 Stab: Sleeping          |     1 |     2 |     4 |       ||     7
       Distracted        |     1 |       |       |       ||     1
  Eat: Chunk             |    18 |     9 |    46 |     5 ||    78
